 Dungeon Crawl Stone Soup version 0.28-a0-751-gef3a642a4e (webtiles) character file.

Game seed: 13762497674982410097

2779 frjfo the Covert (level 9, -4/41 HPs)
             Began as a Spriggan Enchanter on Oct 30, 2021.
             Was a Believer of Dithmenos.
             Killed from afar by a white imp (10 damage)
             ... with a puff of frost
             ... on level 6 of the Dungeon.
             The game lasted 00:19:09 (10221 turns).

frjfo the Covert (Spriggan Enchanter)              Turns: 10221, Time: 00:19:09

Health: -4/41      AC:  3    Str:  7    XL:     9   Next: 42%
Magic:  10/21      EV: 18    Int: 16    God:    Dithmenos [**....]
Gold:   631        SH:  0    Dex: 16    Spells: 18/26 levels left

rFire   . . .      SeeInvis +   a - +1 dagger (flame)
rCold   . . .      Faith    .   (shield restricted)
rNeg    . . .      Spirit   .   b - +0 robe
rPois   .          Reflect  .   (helmet restricted)
rElec   .          Harm     .   h - +0 cloak
rCorr   .          Rampage  .   (gloves unavailable)
Will    +....                   (boots unavailable)
Stlth   ++++++....              (no amulet)
HPRegen 0.13/turn               (no ring)
MPRegen 0.17/turn               (no ring)

@: wreathed by umbra, very quick
A: very small, no large weapons, unfitting armour, see invisible, speed 3, low
mp 1
a: Renounce Religion, Shadow Step


You were on level 6 of the Dungeon.
You worshipped Dithmenos.
Dithmenos was pleased with you.
You visited 2 branches of the dungeon, and saw 7 of its levels.
You also visited: Sewer and Ossuary.

You collected 631 gold pieces.

Inventory:

Hand Weapons
 a - a +1 dagger of flaming (weapon)
 d - a +2 dagger of venom
Missiles
 k - a curare-tipped dart (quivered)
Armour
 b - a +0 robe (worn)
 h - a +0 cloak (worn)
Scrolls
 l - a scroll of amnesia
 t - a scroll of summoning
Potions
 e - 6 potions of brilliance
 f - 3 potions of magic
 g - a potion of might
 i - a potion of resistance
 m - 2 potions of lignification
 o - a potion of flight
 q - a potion of heal wounds
 r - a potion of haste
 s - a potion of attraction


   Skills:
 + Level 1.4 Fighting
 + Level 2.5 Short Blades
 + Level 3.8 Dodging
 + Level 11.5 Stealth
 + Level 9.2 Spellcasting
 + Level 9.5 Hexes


You had 18 spell levels left.
You knew the following spells:

 Your Spells              Type           Power      Damage    Failure   Level
a - Ensorcelled Hibernat  Hex/Ice        44%        N/A       2%          2
b - Tukima's Dance        Hex            37%        N/A       1%          3
c - Dazzling Flash        Conj/Hex       44%        N/A       4%          3

Your spell library contained the following spells:

 Spells                   Type           Power      Damage    Failure   Level
 Confusing Touch          Hex            37%        N/A       1%          3
 Ignite Poison            Fire/Tmut/Pois 7%         N/A       30%         3
 Mephitic Cloud           Conj/Pois/Air  7%         N/A       30%         3
 Freezing Cloud           Conj/Ice/Air   3%         6-21      95%         5


Dungeon Overview and Level Annotations

Branches:
Dungeon (6/15)             Temple (1/1) D:4           Sewer (visited)
Ossuary (visited)

Altars:
Dithmenos
Elyvilon
Gozag
Hepliaklqana
Makhleb
Okawaru
Qazlal
Ru
Sif Muna
Vehumet
Wu Jian
Xom
Yredelemnul

Shops:
D:4 (

Annotations:
D:6 Menkaure


Innate Abilities, Weirdness & Mutations

You are very small and have problems with some larger weapons.
You are too small for most types of armour.
You have supernaturally acute eyesight. (SInv)
You cover ground extremely quickly. (Speed+++)
Your magical capacity is low. (-10% MP)


Message History

Press: ? - help, Dir - look around, f - activate The white imp is dazzled.
The white imp misses you.
You hit the white imp. You burn the white imp.
The white imp is lightly wounded.
You hit the white imp but do no damage.
The white imp is lightly wounded.
The white imp misses you.
You hit the white imp. You burn the white imp.
The white imp is heavily wounded.
You are too injured to fight recklessly!
You are too injured to fight recklessly!
You are too injured to fight recklessly!
The white imp gestures at you. The puff of frost hits you!
* * * LOW HITPOINT WARNING * * *
You barely miss the white imp.
The white imp is heavily wounded.
The white imp is no longer blind.
There is a stone staircase leading up here.
Casting: Dazzling Flash (dangerous; 4% risk of failure)
Confirm with . or Enter, or press ? or * to list all spells.
Casting: Dazzling Flash (dangerous; 4% risk of failure)
Press: ? - help, Dir - look around, f - activate The white imp closely misses you.
Casting: Dazzling Flash (dangerous; 4% risk of failure)
Confirm with . or Enter, or press ? or * to list all spells.
Casting: Dazzling Flash (dangerous; 4% risk of failure)
Press: ? - help, Dir - look around, f - activate The white imp shouts, "Back with thee, thou pribbling sheep-biting mug-up!"
The white imp hits you.
* * * LOW HITPOINT WARNING * * *
The white imp freezes you.
* * * LOW HITPOINT WARNING * * *
Casting: Dazzling Flash (dangerous; 4% risk of failure)
Confirm with . or Enter, or press ? or * to list all spells.
Casting: Dazzling Flash (dangerous; 4% risk of failure)
Press: ? - help, Dir - look around, f - activate The white imp gestures at you.
The puff of frost hits you!
You die...

#########............###.....
#...######..## #>.... ##..#
##..###..... #..#
#.)......... #..#
###.##........ ..
#.####...........### ...
##.#......#.♣.♣.#.#
....#......##.........###
........@5....♣.♣.♣.♣....
..?.##....###...._.....##
..... ##...# #.♣.♣.♣.♣..#
.... #...# ... #...# ...
#####


You could see a white imp.

Vanquished Creatures
  Grinder (D:5)
  Sigmund (D:2)
  2 steam dragons (D:5)
  Edmund (D:5)
  A black bear (D:5)
  An ice beast (D:6)
  2 necrophages (D:6)
  4 ogres
  A centaur (D:4)
  2 kobold brigands (Sewer)
  A phantom (D:5)
  A water moccasin zombie (D:5)
  3 howler monkeys
  A centaur zombie (D:6)
  4 orc priests
  A bullfrog skeleton (D:5)
  3 orc wizards
  An iguana (D:6)
  Natasha (thrice) (D:4)
  2 hound skeletons (D:4)
  8 mummies (Ossuary)
  Robin (D:2)
  A howler monkey skeleton (D:4)
  3 gnolls (D:5)
  6 adders
  3 river rats
  A white imp (D:6)
  5 worms
  A dart slug (D:2)
  9 orcs
  13 endoplasms
  2 giant cockroaches (D:3)
  A gnoll zombie (Ossuary)
  6 hobgoblins
  2 jackals (D:1)
  5 quokkas
  5 ball pythons
  8 bats
  6 frilled lizards
  16 goblins
  4 hobgoblin zombies (Ossuary)
  11 kobolds
  2 kobold zombies (Ossuary)
  An orc zombie (Ossuary)
  9 rats
165 creatures vanquished.

Vanquished Creatures (collateral kills)
  Blork the orc (D:4)
  A centaur zombie (D:5)
  Crazy Yiuf (D:2)
  A gnoll (D:5)
  3 orcs
  A kobold (D:4)
8 creatures vanquished.

Vanquished Creatures (others)
  An orc wizard (D:6)
1 creature vanquished.

Grand Total: 174 creatures vanquished

Notes
Turn   | Place    | Note
-------+----------+-------------------------------------------
     0 | D:1      | frjfo the Spriggan Enchanter began the quest for the Orb.
     0 | D:1      | Reached XP level 1. HP: 9/9 MP: 5/5
   219 | D:2      | Identified the +0 helmet of Springtime {Fly}
   219 | D:2      | Noticed Robin
   445 | D:1      | Noticed a floating eye
   448 | D:1      | Noticed an eye of devastation
   450 | D:1      | Found a faded altar of an unknown god.
   452 | D:1      | Noticed an eye of devastation
   680 | D:1      | Noticed a shining eye
  1023 | D:1      | Reached XP level 2. HP: 13/13 MP: 7/7
  1026 | D:1      | Learned a level 2 spell: Ensorcelled Hibernation
  1711 | D:2      | Reached XP level 3. HP: 16/16 MP: 9/9
  1715 | D:2      | Learned a level 3 spell: Tukima's Dance
  1719 | D:2      | Learned a level 3 spell: Dazzling Flash
  2075 | D:2      | Noticed Sigmund
  2087 | D:2      | Killed Sigmund
  2088 | D:2      | Reached skill level 5 in Spellcasting
  2088 | D:2      | Reached skill level 5 in Hexes
  2088 | D:2      | Reached XP level 4. HP: 17/21 MP: 4/12
  2088 | D:2      | Reached XP level 5. HP: 19/24 MP: 4/13
  2273 | D:2      | Killed Robin
  2537 | D:2      | Found a runed translucent door.
  2538 | D:2      | Noticed Crazy Yiuf
  2550 | D:2      | Killed Crazy Yiuf
  3173 | D:3      | Reached XP level 6. HP: 28/28 MP: 5/15
  4083 | D:4      | Found a hazy altar of Hepliaklqana.
  4083 | D:4      | Found a basalt altar of Yredelemnul.
  4634 | D:4      | Found Feewoqoisy's Weapon Shop.
  4635 | D:4      | Noticed Natasha
  4646 | D:4      | Killed Natasha
  4800 | D:4      | HP: 1/28 [orc (6)]
  5185 | D:4      | Reached XP level 7. HP: 32/32 MP: 18/18
  5255 | D:4      | Found a staircase to the Ecumenical Temple.
  5262 | Temple   | Entered the Ecumenical Temple
  5284 | Temple   | Became a worshipper of Dithmenos the Shadowed
  5431 | D:4      | Noticed Natasha
  5443 | D:4      | Killed Natasha
  5454 | D:4      | Noticed Natasha
  5462 | D:4      | Killed Natasha
  5463 | D:4      | Reached skill level 5 in Stealth
  5724 | D:4      | Noticed Blork the orc
  5735 | D:4      | Killed Blork the orc
  5811 | D:4      | Found an ornate altar of the Wu Jian Council.
  6025 | D:5      | Entered Level 5 of the Dungeon
  6457 | D:5      | Reached skill level 6 in Stealth
  6459 | D:5      | Noticed Edmund
  6466 | D:5      | Killed Edmund
  6467 | D:5      | Reached skill level 7 in Stealth
  6528 | D:5      | Found a glowing drain.
  6536 | Sewer    | Entered a sewer
  7112 | Sewer    | Reached * piety under Dithmenos
  7196 | Sewer    | Reached XP level 8. HP: 36/36 MP: 20/20
  7278 | Sewer    | Reached skill level 8 in Stealth
  7741 | D:5      | Reached skill level 9 in Stealth
  7965 | D:5      | Noticed Grinder
  7969 | D:5      | Killed Grinder
  8093 | D:5      | Reached skill level 10 in Stealth
  8209 | D:5      | Reached ** piety under Dithmenos
  8210 | D:5      | Reached skill level 11 in Stealth
  8210 | D:5      | Reached XP level 9. HP: 39/39 MP: 22/22
  8583 | D:6      | Found the +8 orange crystal plate armour {Archmagi, Int+3
                  | Clar}
  8660 | D:6      | Found an iron altar of Okawaru.
  8769 | D:6      | Noticed Menkaure
  8780 | D:6      | Found a sand-covered staircase.
  8788 | Ossuary  | Entered an ossuary
  9481 | Ossuary  | HP: 2/40 [mummy (13)]
  9842 | Ossuary  | Reached skill level 1 in Fighting
  9990 | Ossuary  | Gained mutation: Your magical capacity is low. (-10% MP)
                  | [potion of mutation]
 10221 | D:6      | Killed from afar by a white imp

Illustrated notes

Levels and vault maps discovered:
D:1:      wander_arrival_estate, layout_basic,
          hellmonk_ecumenical_altar_watching_god
D:2:      layout_basic, minmay_tetromino_i2, uniq_crazy_yiuf_cottage,
          uniq_robin, uniq_sigmund
D:3:      layout_basic
D:4:      layout_cave_pods, mainiacjoe_overflow_large_starburst,
          nzn_wu_jian_contemplation, minmay_temple_entry_proselytizer,
          serial_shops, kennysheep_mini_moat, uniq_natasha, uniq_blork_the_orc
D:5:      kennysheep_steamy, layout_loops_ring, gup_sewer_entry_bubbles,
          kennysheep_pointless_box, uniq_grinder, uniq_edmund
D:6:      layout_rooms, okawaru_trees_1, chequers_ossuary_entry_cave,
          hangedman_decor_growths, uniq_maggie, uniq_menkaure
Temple:   eino_wide_crystal_templ

Skill      XL: |  1  2  3  4  5  6  7  8  9 |
---------------+----------------------------+-----
Spellcasting   | 3 5 6 7 8 9 |  9.2
Hexes          | 4 5 6 7 8 9 |  9.5
Stealth        | 7 11 | 11.5
Dodging        | 3 |  3.8
Fighting       | 1 |  1.4
Short Blades   | 2 |  2.5

Action                   |  1- 3 |  4- 6 |  7- 9 || total
-------------------------+-------+-------+-------++-------
Melee: Dagger            |   117 |   133 |   315 ||   565
Throw: Dart              |       |       |     1 ||     1
 Cast: Ensorcelled Hiber |     7 |     6 |    30 ||    43
       Tukima's Dance    |     1 |     4 |     8 ||    13
       Dazzling Flash    |       |       |     4 ||     4
  Use: Scroll            |     3 |     3 |     8 ||    14
       Potion            |     1 |       |    13 ||    14
 Stab: Sleeping          |     6 |    15 |    41 ||    62
       Invisible         |       |       |     6 ||     6
Armor: Robe              |     7 |    11 |    15 ||    33
Dodge: Dodged            |    75 |   117 |   222 ||   414

Table legend: (Time is in decaauts)
 A = Elapsed time spent in this place.
 B = Non-inter-level travel time spent in this place.
 C = Inter-level travel time spent in this place.
 D = Time resting spent in this place.
 E = Time spent auto-exploring this place.
 F = Levels seen in this place.
 G = Mean time per level.
                   A        B        C        D        E       F      G
               +--------+--------+--------+--------+--------+-----+--------+
         Total |   8421 |   8173 |    248 |   2499 |   4065 |   9 |  935.7 |
       Dungeon |   6455 |   6214 |    241 |   1598 |   3472 |   6 | 1075.8 |
        Temple |     21 |     14 |      7 |      0 |      3 |   1 |   21.0 |
         Sewer |    843 |    843 |      0 |    144 |    490 |   1 |  843.0 |
       Ossuary |   1100 |   1100 |      0 |    756 |     99 |   1 | 1100.0 |
               +--------+--------+--------+--------+--------+-----+--------+

Top non-repeatable levels by time:
     D:4: 1553 daAuts
     D:1: 1481 daAuts
     D:5: 1338 daAuts
 Ossuary: 1100 daAuts
     D:2: 1085 daAuts
   Sewer: 843 daAuts
     D:3: 677 daAuts
     D:6: 319 daAuts
  Temple: 21 daAuts
